 Dungeon Crawl Stone Soup version 0.31-a0-675-g238779eb0a (webtiles) character file.

Game seed: 3406968300020155227

13612 Newt the Fighter (level 12, -3/81 HPs)
             Began as a Gargoyle Fighter on Aug 31, 2023.
             Was an Initiate of Gozag.
             Slain by a large slime creature (25 damage)
             ... on level 11 of the Dungeon on Sept 5, 2023.
             The game lasted 00:15:37 (14005 turns).

Newt the Fighter (Gargoyle Fighter)                Turns: 14005, Time: 00:15:38

Health: -3/81      AC: 30    Str: 32    XL:     12   Next: 7%
Magic:  12/12      EV:  9    Int: 10    God:    Gozag
Gold:   613        SH:  5    Dex:  9    Spells: 11/11 levels left

rFire   . . .        G - +6 morningstar
rCold   . . .        c - +0 buckler
rNeg    + . .        O - +7 chain mail of Gymut {-Cast +Inv rCorr Str+2}
rPois   ∞            I - -1 helmet
rElec   +            J - +2 cloak {Will+}
rCorr   +            (no gloves)
SInv    .            (no boots)
Will    ++...        (no amulet) Stlth
                     k - +6 ring of strength
HPRegen 0.33/turn    A - ring of willpower
MPRegen 0.13/turn

%: no spellcasting
@: gold aura
A: sickness immunity, AC +8, negative energy resistance 1, electricity
resistance, torment resistance 1, petrification resistance
a: Renounce Religion, Evoke Invisibility, Potion Petition, Call Merchant, Bribe
Branch


You were on level 11 of the Dungeon.
You worshipped Gozag.
Gozag was pleased with you.
You visited 2 branches of the dungeon, and saw 13 of its levels.

You collected 1821 gold pieces.
You spent 1113 gold pieces at shops.
You paid 95 gold pieces to Gozag.

Inventory:

Hand Weapons
 a - a +0 flail
 d - a +2 mace of protection
 f - a +2 short sword of holy wrath
 n - a +3 short sword of protection
 w - a +2 whip of electrocution
 z - a +0 shortbow
 G - a +6 morningstar (weapon)
 H - a +3 dire flail of freezing
Missiles
 h - 5 javelins
 s - 13 poisoned darts
 v - 2 boomerangs
 L - 3 throwing nets
Armour
 b - a +0 scale mail
 c - a +0 buckler (worn)
 y - a +1 scale mail of fire resistance
 I - a -1 helmet (worn)
 J - a +2 cloak of willpower (worn)
 O - the +7 chain mail of Gymut (worn) {-Cast +Inv rCorr Str+2}
   (You bought it in a shop on level 8 of the Dungeon)

   Str+2:     It affects your strength (+2).
   +Inv:      It lets you turn invisible.
   -Cast:     It prevents spellcasting.
   rCorr:     It protects you from acid and corrosion.
Jewellery
 k - a +6 ring of strength (left hand)
 m - a ring of ice
 x - a ring of ice
 A - a ring of willpower (right hand)
Wands
 i - a wand of light (2)
 r - a wand of paralysis (13)
 B - a wand of mindburst (22)
 E - a wand of flame (15)
 K - a wand of digging (5)
Scrolls
 j - 5 scrolls of fear
 o - 2 scrolls of teleportation
 p - 3 scrolls of amnesia
 t - a scroll of poison
 u - 3 scrolls of revelation
 D - a scroll of identify
 F - a scroll of immolation
 R - a scroll of summoning
Potions
 e - 2 potions of brilliance
 g - 4 potions of degeneration
 l - 3 potions of curing
 q - 4 potions of attraction
 C - a potion of enlightenment
 M - a potion of heal wounds
 N - a potion of resistance
 P - 2 potions of might
 Q - a potion of ambrosia


   Skills:
 - Level 12.0 Fighting
 + Level 11.1 Maces & Flails
 - Level 8.0 Armour
 - Level 6.0 Shields
 - Level 8.0 Evocations


You had 11 spell levels left.
You didn't know any spells.
Your spell library contained the following spells:

 Spells                   Type           Power      Damage    Failure   Level
 Kiss of Death            Conj/Necr      0%         2d5       80%         1
 Confusing Touch          Hex            0%         N/A       99%         3
 Stone Arrow              Conj/Erth      0%         3d7       99%         3
 Anguish                  Hex/Necr       0%         N/A       100%        4
 Animate Armour           Summ/Erth      0%         N/A       100%        4
 Cause Fear               Hex            0%         N/A       100%        4
 Dispel Undead            Necr           0%         3d6       100%        4
 Manifold Assault         Tloc           0%         N/A       100%        4
 Dispersal                Tloc           0%         N/A       100%        6
 Enfeeble                 Hex            0%         N/A       100%        7
 Disjunction              Tloc           0%         N/A       100%        8
 Lehudib's Crystal Spear  Conj/Erth      0%         10d2      100%        8


Dungeon Overview and Level Annotations

Branches:
Dungeon (12/15)            Temple (1/1) D:6            Lair (0/5) D:9
    Orc: D:9-12

Altars:
Ashenzari
Cheibriados
Dithmenos
Elyvilon
Fedhas
Gozag
Hepliaklqana
Kikubaaqudgha
Makhleb
Nemelex Xobeh
Okawaru
Qazlal
Ru
Sif Muna
Trog
Uskayaw
Vehumet
Wu Jian
Xom
Yredelemnul
Zin
The Shining One

Shops:
D:8 [=[*   D:11 *


Innate Abilities, Weirdness & Mutations

You are immune to sickness and miasma.
Your stone body is resilient. (AC +8)
You are immune to poison.
You resist negative energy. (rN+)
You are resistant to electric shocks. (rElec)
You are resistant to unholy torment.
You are immune to petrification.


Message History

The slime creature is moderately wounded.
The slime creature completely misses you.
The large slime creature barely misses you.
You block the slime creature's attack.
You bludgeon the slime creature!!
The slime creature is severely wounded.
The slime creature hits you but does no damage.
The large slime creature hits you. The slime creature closely misses you.
You barely miss the slime creature.
The slime creature is severely wounded.
The slime creature closely misses you. The large slime creature hits you!!
The slime creature closely misses you.
You puncture the slime creature!
The slime creature is almost dead.
The slime creature hits you!
The large slime creature hits you but does no damage.
You block the slime creature's attack.
You puncture the slime creature!
The slime creature is almost dead.
The slime creature hits you but does no damage.
The large slime creature barely misses you.
The slime creature closely misses you.
You barely miss the slime creature.
The slime creature is almost dead.
The slime creature hits you but does no damage.
The large slime creature closely misses you.
You bludgeon the slime creature!!
You kill the slime creature!
The slime creature hits you but does no damage.
The large slime creature hits you but does no damage.
The slime creature hits you!
The large slime creature attacks as it pursues you!
The large slime creature hits you!
* * * LOW HITPOINT WARNING * * *
You see here 7 gold pieces.
The slime creature hits you but does no damage.
The large slime creature attacks as it pursues you!
The large slime creature hits you!!
You die...
Your body crumbles into a pile of gold.

.##...........##.# ##........
.###..........##.# ##.........
.# #..........##.#
##..#....... .#
#..........##.# #..##.......
.# ##.........##.#
##.......####
.####..######.##.# ##........#
##
.#............##.###..#...[..#
#.
.........#######.#...##..[...#
#.
......##..######@#.#..+......#
#.
................J..#.##......#
#.
......###.....##J$##.##......#
#.
................>###.##......#
#. ......############
#.##......# #. .######
#.##......# #. .# #.##......#
#. .# #.######### ## .# #.#


You could see a large slime creature and a slime creature.

Vanquished Creatures
  A two-headed ogre (D:11)
  A cyclops (D:11)
  A centaur zombie (D:12)
  4 gargoyles (D:9)
  A komodo dragon (D:11)
  A rime drake (D:9)
  3 trolls
  2 hornets
  A slime creature (D:11)
  3 wraiths
  2 shadows (D:11)
  Eustachio (D:6)
  2 wyverns
  21 yaks
  2 water moccasins
  Duvessa (D:5)
  4 ice beasts
  3 orc warriors
  2 black bears
  5 centaurs
  4 wolves (D:9)
  2 phantoms
  A kobold brigand (D:10)
  A gnoll sergeant (D:9)
  5 bullfrogs
  3 scorpions
  Dowan (D:5)
  10 wights
  13 killer bees
  3 electric eels
  4 hounds (D:6)
  2 gnoll boudas
  4 orc priests
  3 jellies
  A sleepcap (D:5)
  5 iguanas
  Ijyb (D:5)
  13 orc wizards
  15 gnolls
  12 adders
  5 white imps
  2 ufetubi
  5 dart slugs
  22 orcs
  5 ball pythons
  5 bats
  7 endoplasms
  3 giant cockroaches
  6 goblins
  6 hobgoblins
  7 jackals
  14 kobolds
  4 quokkas
  2 frilled lizards
  5 rats
262 creatures vanquished.

Vanquished Creatures (collateral kills)
  A kobold (D:4)
1 creature vanquished.

Grand Total: 263 creatures vanquished

Notes
Turn   | Place    | Note
-------+----------+-------------------------------------------
     0 | D:1      | Newt the Gargoyle Fighter began the quest for the Orb.
     0 | D:1      | Reached XP level 1. HP: 14/14 MP: 1/1
    58 | D:1      | Reached XP level 2. HP: 19/20 MP: 2/2
   164 | D:1      | Reached skill level 4 in Fighting
   278 | D:1      | Found a faded altar of an unknown god.
   599 | D:1      | Reached XP level 3. HP: 24/24 MP: 3/3
   969 | D:2      | Found a radiant altar of Vehumet.
  1378 | D:2      | Reached skill level 5 in Fighting
  1423 | D:2      | Reached XP level 4. HP: 27/31 MP: 4/4
  2189 | D:3      | Reached XP level 5. HP: 13/35 MP: 5/5
  2871 | D:4      | Reached skill level 5 in Armour
  3414 | D:5      | Entered Level 5 of the Dungeon
  3446 | D:5      | Noticed Dowan
  3446 | D:5      | Noticed Duvessa
  3471 | D:5      | Killed Duvessa
  3472 | D:5      | Reached XP level 6. HP: 7/40 MP: 6/6
  3486 | D:5      | Killed Dowan
  3661 | D:5      | Noticed Ijyb
  3864 | D:4      | Reached skill level 5 in Maces & Flails
  3893 | D:5      | Reached XP level 7. HP: 40/44 MP: 7/7
  3908 | D:5      | Paralysed by Ijyb for 4 turns
  3916 | D:5      | Killed Ijyb
  4436 | D:5      | Reached XP level 8. HP: 38/51 MP: 8/8
  4478 | D:5      | Reached skill level 6 in Fighting
  4797 | D:6      | Noticed a troll
  5061 | D:6      | Reached skill level 7 in Fighting
  5069 | D:6      | Killed a troll
  5070 | D:6      | Reached skill level 8 in Fighting
  5070 | D:6      | Reached skill level 1 in Evocations
  5073 | D:6      | HP: 2/54 [white imp/puff of frost (10)]
  5571 | D:6      | Noticed Eustachio
  5641 | D:6      | Killed Eustachio
  5642 | D:6      | Reached XP level 9. HP: 26/59 MP: 9/9
  5768 | D:6      | Found a staircase to the Ecumenical Temple.
  5815 | Temple   | Entered the Ecumenical Temple
  5838 | Temple   | Became a worshipper of Gozag Ym Sagoz the Greedy
  7221 | D:7      | Found a large runed translucent door.
  7583 | D:7      | Reached XP level 10. HP: 64/64 MP: 10/10
  7689 | D:7      | Found a large runed translucent door.
  7760 | D:7      | Found a sacrificial altar of Ru.
  7771 | D:7      | Found a burning altar of Makhleb.
  7898 | D:8      | Found Dounyi's General Store.
  7906 | D:8      | Bought a scroll of identify for 28 gold pieces
  7906 | D:8      | Bought a scroll of enchant weapon for 105 gold pieces
  7931 | D:8      | Reached skill level 10 in Maces & Flails
  8240 | D:8      | Found an iron altar of Okawaru.
  8265 | D:8      | Found a white marble altar of Elyvilon.
  8265 | D:8      | Found a blossoming altar of Fedhas.
  8277 | D:8      | Found Seitt's Armour Emporium.
  8430 | D:8      | Found Oduepuw's Armour Shop.
  8535 | D:8      | Upgraded the game from 0.31-a0-662-g684573625c to
                  | 0.31-a0-675-g238779eb0a
  8638 | D:8      | Found Zurrutrecim's Jewellery Shoppe.
  8837 | D:9      | Reached skill level 5 in Shields
  8866 | D:9      | Reached skill level 5 in Evocations
  9164 | D:9      | Noticed a gargoyle
  9173 | D:9      | Killed a gargoyle
  9275 | D:9      | Noticed a gargoyle
  9281 | D:9      | Killed a gargoyle
  9430 | D:9      | Noticed a gargoyle
  9433 | D:9      | Killed a gargoyle
  9454 | D:9      | Noticed a gargoyle
  9459 | D:9      | Killed a gargoyle
  9791 | D:9      | Reached XP level 11. HP: 68/68 MP: 11/11
 10158 | D:9      | Found a staircase to the Lair.
 10203 | D:8      | Bought the +7 chain mail of Gymut {-Cast +Inv rCorr Str+2}
                  | for 788 gold pieces
 10253 | D:10     | Entered Level 10 of the Dungeon
 10568 | D:10     | Reached skill level 9 in Fighting
 11281 | D:11     | Reached skill level 10 in Fighting
 11406 | D:11     | Found a shimmering blue altar of Sif Muna.
 11949 | D:11     | Reached skill level 11 in Fighting
 12000 | D:11     | Noticed a cyclops
 12032 | D:11     | Killed a cyclops
 12396 | D:11     | Found Ytuxomaq's General Store.
 12403 | D:11     | Bought a potion of might for 64 gold pieces
 12403 | D:11     | Bought a potion of ambrosia for 128 gold pieces
 12532 | D:11     | Reached skill level 12 in Fighting
 12824 | D:11     | Noticed a two-headed ogre
 12828 | D:11     | Killed a two-headed ogre
 13488 | D:12     | Reached XP level 12. HP: 81/81 MP: 12/12
 14005 | D:11     | Slain by a large slime creature

Illustrated notes

Levels and vault maps discovered:
D:1:      ebering_trefoil_3fold, layout_basic,
          shapermc_ecumenical_altar_mp_urbaneastern, minmay_misc_feat_chi,
          dk_noncrumbling_4, nicolae_houndstooth_variations
D:2:      layout_loops_corners, basic_altar, st_stairs_10, minmay_misc_feat_rows
D:3:      layout_loops_corners, hex_large
D:4:      layout_rooms
D:5:      cheibrodos_barr_body, layout_basic, portal_sewer_entry_d,
          minmay_hedge_maze, uniq_duvessa, uniq_ijyb
D:6:      layout_basic, minmay_temple_entry_overgrown, grunt_ministairs_15,
          sword_in_stone
D:7:      layout_gridville, jmf_multi_god_temple2
D:8:      layout_basic, grunt_temple_overflow_open, serial_shops, shop,
          nicolae_shop_tiny_real_fake_doors, shop_fountains,
          nicolae_shop_scrapyard, nrook_pool_corridor
D:9:      cheibrodos_statue_roulette, layout_loops_cross,
          hellmonk_lair_entry_icy, minmay_misc_feat_roman
D:10:     layout_basic
D:11:     layout_basic, serial_shops, nicolae_shop_statue_plus,
          nicolae_sif_muna_condensation
D:12:     layout_roguey, david_orc_4, serial_undead, serial_undead_b,
          serial_undead_f, serial_undead_b, serial_undead_c
Temple:   nicolae_temple_bog_church

Skill      XL: |  1  2  3  4  5  6  7  8  9 10 11 12 |
---------------+-------------------------------------+-----
Fighting       | 4 5 8 12 | 12.0
Armour         | 4 5 8 |  8.0
Maces & Flails | 4 5 7 9 10 11 | 11.1
Evocations     | 4 7 8 |  8.0
Shields        | 6 |  6.0

Action                     |  1- 3 |  4- 6 |  7- 9 | 10-12 || total
---------------------------+-------+-------+-------+-------++-------
  Melee: Flail             |    66 |       |       |       ||    66
         Short sword       |    98 |   181 |       |       ||   279
         Mace              |       |    77 |    80 |       ||   157
         Whip              |       |       |   369 |    43 ||   412
         Morningstar       |       |       |       |   396 ||   396
  Evoke: Wand              |       |       |     2 |     2 ||     4
    Use: Scroll            |     2 |     8 |     6 |     5 ||    21
         Potion            |       |     2 |     1 |       ||     3
   Stab: Paralysed         |       |       |     8 |       ||     8
         Distracted        |       |       |       |     1 ||     1
         Invisible         |       |       |       |     1 ||     1
 Armour: Scale mail        |   106 |   220 |   366 |   116 ||   808
         Chain mail        |       |       |       |   222 ||   222
  Dodge: Dodged            |    85 |   140 |   196 |   152 ||   573
  Block: Buckler           |    24 |    50 |    96 |    84 ||   254

Table legend: (Time is in decaauts)
 A = Elapsed time spent in this place.
 B = Non-inter-level travel time spent in this place.
 C = Inter-level travel time spent in this place.
 D = Time resting spent in this place.
 E = Time spent auto-exploring this place.
 F = Levels seen in this place.
 G = Mean time per level.
                   A        B        C        D        E       F      G
               +--------+--------+--------+--------+--------+-----+--------+
         Total |  13994 |  13453 |    541 |   3619 |   7406 |  13 | 1076.5 |
       Dungeon |  13947 |  13451 |    496 |   3619 |   7406 |  12 | 1162.2 |
        Temple |     46 |      1 |     45 |      0 |      0 |   1 |   46.0 |
               +--------+--------+--------+--------+--------+-----+--------+

Top non-repeatable levels by time:
    D:11: 2661 daAuts
     D:9: 1706 daAuts
     D:5: 1408 daAuts
     D:6: 1339 daAuts
     D:7: 1329 daAuts
     D:3: 1024 daAuts
     D:1: 977 daAuts
     D:8: 889 daAuts
     D:2: 882 daAuts
    D:10: 840 daAuts
     D:4: 769 daAuts
    D:12: 118 daAuts
  Temple: 46 daAuts
